 Dungeon Crawl Stone Soup version 0.24.0-13-gcf9b3192b9 (webtiles) character file.

Game seed: 4764059586096655474, levelgen mode: deterministic

44 Masnef the Sneak (level 3, -2/19 HPs)
             Began as a Gargoyle Enchanter on Nov 8, 2019.
             Slain by Terence
             ... wielding a +0 hand axe
              (4 damage)
             ... on level 2 of the Dungeon.
             The game lasted 00:04:26 (1725 turns).

Masnef the Sneak (Gargoyle Enchanter)               Turns: 1725, Time: 00:04:26

Health: -2/19      AC:  5    Str: 11    XL:     3   Next: 62%
Magic:  2/6        EV: 11    Int: 16    God:
Gold:   107        SH:  3    Dex: 10    Spells: 0/6 levels left

rFire    . . .     SeeInvis .   a - +1 dagger
rCold    . . .     Gourm    .   g - +0 buckler
rNeg     + . .     Faith    .   b - +0 robe
rPois    ∞         Spirit   .   (no helmet)
rElec    +         Reflect  .   (no cloak)
rCorr    .         Harm     .   (no gloves)
MR       .....                  (no boots)
Stlth    ++........             (no amulet)
HPRegen  0.06/turn              (no ring)
MPRegen  0.10/turn              (no ring)

@: very slightly contaminated
A: negative energy resistance 1, electricity resistance, unbreathing,
petrification resistance, rot immunity, AC +3
a: no special abilities


You were on level 2 of the Dungeon.
You were not hungry.

You visited 1 branch of the dungeon, and saw 2 of its levels.

You collected 107 gold pieces.

Inventory:

Hand Weapons
 a - a +1 dagger (weapon)
Armour
 b - a +0 robe (worn)
 g - a +0 buckler (worn)
Jewellery
 f - an uncursed ring of ice
Scrolls
 i - a scroll of magic mapping {unknown}
 j - a scroll of enchant weapon {unknown}
 l - a scroll of identify
 n - 2 scrolls of fear
Potions
 c - a potion of might
 e - a potion of brilliance {unknown}
 h - 2 potions of heal wounds {unknown}
 k - a potion of mutation {unknown}
Comestibles
 d - 2 rations


   Skills:
 + Level 2.6 Short Blades
 - Level 1.5 Dodging
 - Level 3.2 Stealth
 + Level 0.7 Shields
 - Level 2.0 Spellcasting
 * Level 3.0 Hexes


You couldn't memorise any spells.
You knew the following spells:

 Your Spells              Type           Power        Failure   Level  Hunger
a - Corona                Hex            ##.....      9%          1    #......
b - Ensorcelled Hibernat  Hex/Ice        #.....       26%         2    ###....
c - Confuse               Hex            ##......     26%         3    ###....

Your spell library contained the following spells:

 Spells                   Type           Power        Failure   Level  Hunger
 Tukima's Dance           Hex            ##......     26%         3    ###....
 Dazzling Spray           Conj/Hex       #.....       45%         3    ###....


Dungeon Overview and Level Annotations

Branches:
Dungeon (2/15)

Altars:
Gozag

Annotations:
D:2 Terence


Innate Abilities, Weirdness & Mutations

You are resistant to torment.
Your stone body is resilient. (AC +3)
You are immune to poison.
You resist negative energy. (rN+)
You are resistant to electric shocks. (rElec)
You can survive without breathing.
You are immune to petrification.
You are immune to rotting.


Message History

You hit Terence but do no damage.
Terence is lightly wounded.
Terence closely misses you.
You hit Terence but do no damage.
Terence is lightly wounded.
Terence closely misses you.
You hit Terence but do no damage.
Terence is lightly wounded.
Terence hits you but does no damage.
You hit Terence but do no damage.
Terence is lightly wounded.
You block Terence's attack.
You barely miss Terence.
Terence is lightly wounded.
You hit Terence but do no damage.
Terence is lightly wounded.
Terence hits you with a +0 hand axe!
* * * LOW HITPOINT WARNING * * *
Terence hits you with a +0 hand axe.
You die...

#.........#
#.!....$..#
###.........#
............#
#.........#
#........(#
#..!......#
#.....@...#
#######@###
#.### ##...##
#.....#####
##........#
#....###.###
#(...#.÷...#
#....#.#.###
#.[..#.._..#


You could see Terence.

Vanquished Creatures
  2 adders (D:2)
  3 bats (D:1)
  A giant cockroach (D:1)
  5 jackals (D:1)
  2 frilled lizards (D:1)
  4 goblins (D:1)
  5 kobolds (D:1)
  2 rats
24 creatures vanquished.

Notes
Turn   | Place    | Note
-------+----------+-------------------------------------------
     0 | D:1      | Masnef the Gargoyle Enchanter began the quest for the Orb.
     0 | D:1      | Reached XP level 1. HP: 10/10 MP: 3/3
    15 | D:1      | Reached skill level 1 in Short Blades
   324 | D:1      | Reached XP level 2. HP: 4/15 MP: 3/5
   949 | D:1      | Learned a level 2 spell: Ensorcelled Hibernation
  1154 | D:1      | Reached XP level 3. HP: 16/19 MP: 6/6
  1363 | D:2      | Found an opulent altar of Gozag.
  1371 | D:2      | Learned a level 3 spell: Confuse
  1698 | D:2      | Noticed Terence
  1725 | D:2      | Slain by Terence

Levels and vault maps discovered:
D:1:      wander_arrival_lonely_grave, layout_basic
D:2:      layout_rooms, nemelex_altar_shiori, lemuel_doored_altar,
          nicolae_gozag_cash_rules_everything_around_me,
          overflow_temple_1_default, first_ration,
          nicolae_ru_great_annihilating_truth, uniq_terence, uniq_robin

Skill      XL: |  1  2  3 |
---------------+----------+-----
Short Blades   | 1 2 |  2.6
Hexes          | 3 |  3.0
Dodging        | |  1.5
Stealth        | |  3.2
Shields        | |  0.7
Spellcasting   | |  2.0

Action                   || total
-------------------------++-------
Melee: Dagger            ||   119
 Cast: Corona            ||     1
       Ensorcelled Hiber ||     4
       Confuse           ||     1
  Use: Scroll            ||     2
       Potion            ||     1
 Stab: Sleeping          ||     2
  Eat: Chunk             ||     3
Armor: Robe              ||    42
Dodge: Dodged            ||    64
Block: Buckler           ||     8
